 Seeded DCSS version 0.29.1-14-g9c671dbff4 (webtiles) character file.

Game seed: 14881856590796289809 (custom seed)

95337 tkbsonic5 the Fighter (level 15, -2/220 HPs)
             Began as a Palentonga Berserker on Feb 12, 2023.
             Was a High Priest of Trog.
             Slain by a two-headed ogre
             ... wielding a +0 giant club
              (14 damage)
             ... on level 1 of the Orcish Mines on Feb 19, 2023.
             The game lasted 01:23:26 (22148 turns).

tkbsonic5 the Fighter (Palentonga Berserker)       Turns: 22148, Time: 01:23:27

Health: -2/220     AC: 44    Str: 40    XL:     15   Next: 66%
Magic:  15/15      EV:  6    Int: 10    God:    Trog [*****.]
Gold:   903        SH:  0    Dex:  9    Spells: 14/14 levels left

rFire   . . .      SeeInvis +   e - +5 lochaber axe {reach-cleave, poleaxe}
rCold   . . .      Faith    .   (shield currently unavailable)
rNeg    + . .      Spirit   .   Y - +1 crystal plate armour
rPois   +          Reflect  .   L - +2 hat
rElec   .          Harm     .   h - +0 cloak
rCorr   .          Rampage  .   (no gloves)
Will    +....                   K - +10 Black Knight's barding {ponderous, rPois rN+}
Stlth   ..........              w - amulet of regeneration
HPRegen 1.26/turn               f - ring "Keted" {Contam Str+6 Int+4}
MPRegen 0.14/turn               l - ring of poison resistance

@: berserking, curled up, very quick
A: large, rugged brown scales 3, see invisible, deformed body, roll 1, armoured
tail, reflexive curl, robust 1, strong 1, sturdy frame 1
a: Rolling Charge, Renounce Religion, Berserk, Trog's Hand, Brothers in Arms


You were on level 1 of the Orcish Mines.
You worshipped Trog.
Trog was extremely pleased with you.
You visited 3 branches of the dungeon, and saw 22 of its levels.

You collected 1338 gold pieces.
You spent 435 gold pieces at shops.

Inventory:

Hand Weapons
 c - a +5 vampiric spear
 e - the +5 lochaber axe (weapon) {reach-cleave, poleaxe}
   (You found it on level 2 of the Dungeon)

   It can be evoked to extend its reach, and strikes at all foes within reach,
   dealing less damage to those not targeted.
   It uses either Axes or Polearms skill, whichever is higher.
 o - the +3 spear of Xiunuuss {freeze, SInv Stlth+}
   (You took it off a spriggan on level 10 of the Dungeon)

   It freezes those it strikes, dealing additional cold damage.
   It can also slow down cold-blooded creatures.
   SInv:      It lets you see invisible.
   Stlth:     It makes you more stealthy.
 y - the +11 falchion of Xeruofomoth {freeze, rF++ Int+8}
   (You found it on level 12 of the Dungeon)

   It freezes those it strikes, dealing additional cold damage.
   It can also slow down cold-blooded creatures.
   Int:       It affects your intelligence (+8).
   rF:        It greatly protects you from fire.
 C - the +0 double sword "Divuog" {speed, rF+}
   (You found it on level 12 of the Dungeon)

   Attacks with this weapon are significantly faster.
   rF:        It protects you from fire.
 J - a +0 battleaxe of venom
 P - a +2 antimagic trident
 V - the +7 great mace "Undeadhunter" {disrupt, rN+}
   (You found it on level 4 of the Lair of Beasts)

   It inflicts significantly more damage against the undead.
   rN:        It protects you from negative energy.
 X - a +2 hand crossbow of freezing
Missiles
 k - 44 poisoned darts
 Q - 2 throwing nets
Armour
 h - a +0 cloak (worn)
 t - a +1 ring mail of fire resistance
 v - a +2 chain mail of poison resistance
 x - a +0 helmet
 K - the +10 Black Knight's barding (worn) {ponderous, rPois rN+}
   (You acquired it on level 10 of the Dungeon)

   rPois:     It protects you from poison.
   rN:        It protects you from negative energy.
 L - a +2 hat (worn)
 Y - a +1 crystal plate armour (worn)
Jewellery
 a - a ring of ice
 f - the ring "Keted" (left hand) {Contam Str+6 Int+4}
   (You found it on level 2 of the Dungeon)

   [ring of strength]

   Str:       It affects your strength (+6).
   Int:       It affects your intelligence (+4).
   Contam:    It causes magical contamination when unequipped.
 l - a ring of poison resistance (right hand)
 m - a +6 ring of dexterity
 r - an amulet of faith
 w - an amulet of regeneration (around neck)
 B - a +4 ring of evasion
 U - a +6 ring of intelligence
 Z - a ring of fire
Wands
 d - a wand of iceblast (4) (quivered)
 p - a wand of digging (11)
 O - a wand of paralysis (13)
 W - a wand of flame (3)
Scrolls
 b - 2 scrolls of butterflies
 i - 4 scrolls of fear
 n - 2 scrolls of magic mapping
 z - 2 scrolls of blinking
 A - 3 scrolls of torment
 H - 7 scrolls of teleportation
 I - a scroll of silence
 N - 11 scrolls of identify
 T - 2 scrolls of summoning
Potions
 g - 18 potions of curing
 j - 2 potions of haste
 q - 3 potions of heal wounds
 s - a potion of cancellation
 u - 8 potions of attraction
 D - 5 potions of brilliance
 E - 2 potions of magic
 F - 3 potions of lignification
 G - 4 potions of berserk rage
 M - a potion of flight
 R - 2 potions of ambrosia


   Skills:
 + Level 14.0 Fighting
 - Level 3.8(9.7) Axes
 * Level 12.6(12.8) Polearms
 - Level 5.3 Throwing
 + Level 11.0 Armour
 + Level 9.5 Dodging
 - Level 0.1 Stealth
 * Level 10.0 Evocations


You had 14 spell levels left.
You didn't know any spells.
Your spell library was empty.

Dungeon Overview and Level Annotations

Branches:
Dungeon (15/15)            Temple (0/1) D:6            Lair (5/5) D:10
  Swamp (0/4) Lair:2        Snake (0/4) Lair:3        Slime (0/5) Lair:5
    Orc (2/2) D:9          Vaults (0/5) D:14         Depths (0/4) D:15
    Elf: Orc:2

Altars:
Ashenzari
Cheibriados
Dithmenos
Hepliaklqana
Kikubaaqudgha
Okawaru
Qazlal
Ru
Sif Muna
Trog
Uskayaw
Wu Jian
Xom
Yredelemnul
Zin
The Shining One
Jiyva

Shops:
D:4 [   D:8 *   D:11 !

Annotations:
D:15 Roxanne
Lair:5 exclusion: oklob plant


Innate Abilities, Weirdness & Mutations

You are completely covered in rugged brown scales. (AC +3, +7% HP)
You have supernaturally acute eyesight. (SInv)
Armour fits poorly on your strangely shaped body.
You can roll at nearby foes to attack.
You have a long armoured tail.
You curl defensively after being hit. (AC +7*)
You are robust. (+10% HP)
Your muscles are strong. (Str +4, Int/Dex -1)
Your movements are slightly less encumbered by armour. (ER -2)


Message History

The ogre hits you with a +0 giant spiked club!
The two-headed ogre hits you with a +0 dire flail!
* * * LOW HITPOINT WARNING * * *
The two-headed ogre hits you with a +0 giant club!
* * * LOW HITPOINT WARNING * * *
The orc sorcerer barely misses you.
The two-headed ogre hits you but does no damage. x2
You hit the two-headed ogre. You tail-slap the two-headed ogre!!
The two-headed ogre is heavily wounded.
You slice the orc sorcerer!! You barely miss the two-headed ogre.
You hit the two-headed ogre. You slice the ogre!!
The two-headed ogre hits you with a +0 giant club!
* * * LOW HITPOINT WARNING * * *
The two-headed ogre hits you but does no damage.
The ogre hits you with a +0 giant spiked club.
* * * LOW HITPOINT WARNING * * *
The two-headed ogre hits you but does no damage.
The two-headed ogre hits you with a +0 giant club!!
* * * LOW HITPOINT WARNING * * *
The orc sorcerer gestures wildly while chanting.
You slice the orc sorcerer!!
You kill the orc sorcerer!
Trog accepts your kill.
Trog appreciates your killing of a magic user.
The hellwing disappears in a puff of smoke!
You slice the two-headed ogre!! x2; You dice the ogre like an onion!!!
You kill the ogre!
Trog accepts your kill.
You dice the two-headed ogre like an onion!!!
The two-headed ogre barely misses you. The two-headed ogre closely misses you.
The two-headed ogre hits you but does no damage. x3
The two-headed ogre hits you with a +0 giant club!
* * * LOW HITPOINT WARNING * * *
You dice the two-headed ogre like an onion!!!
You feel the power of Trog in you as your rage grows.
You kill the two-headed ogre!
Trog accepts your kill.
You barely miss the two-headed ogre. You slash the two-headed ogre!
The two-headed ogre hits you with a +0 giant club!
You die...

##..#....#.#
#..........###
###....##....#.##
#.##...###......#
#..)[[.#####...##
##..[..##.#...##
####..$.......#
##))).....###
#.)@O§.#..#
###O).#####
#...## ##.<.#
#####


You could see 2 two-headed ogres.

Vanquished Creatures
  A tengu reaver (D:12)
  Kirke (Lair:4)
  A dire elephant (Lair:5)
  A deep elf annihilator (D:12)
  2 ettins
  A fire dragon (D:15)
  Snorg (D:10)
  A boulder beetle (D:12)
  5 hydras
  Erolcha (D:12)
  4 catoblepae
  2 ogre magi
  The ghost of SirLogeyBear the Cleaver, a novice HOBe of Trog (D:10)
  A death knight (D:14)
  3 centaur warriors
  13 two-headed ogres
  A deep troll shaman (Lair:5)
  An orc high priest (Orc:1)
  4 death yaks (Lair:5)
  2 tengu warriors (D:14)
  Urug (Lair:1)
  A fire crab (shapeshifter) (D:14)
  A deep troll (D:15)
  Pikel (D:4)
  3 wizards
  2 deep elf zephyrmancers
  2 necromancers (D:15)
  A bog body (Lair:2)
  5 deep elf pyromancers
  4 cyclopes (D:14)
  3 orc sorcerers
  16 ugly things
  2 manticores
  14 elephants
  4 black mambas
  4 cane toads
  3 unseen horrors
  2 rime drakes
  9 komodo dragons
  7 tengu conjurers
  2 efreet (D:14)
  10 kobold demonologists
  4 polar bears
  9 trolls
  17 blink frogs
  3 hornets
  4 slime creatures (D:14)
  A blink frog (shapeshifter) (D:14)
  5 dream sheep (Lair:5)
  A centaur simulacrum (D:14)
  A vampire (D:11)
  3 hogs (Lair:4)
  2 spriggans (D:10)
  A shadow (D:12)
  4 wraiths
  52 yaks
  6 basilisks
  9 wyverns
  8 vampire mosquitoes
  3 steam dragons
  3 swamp worms (Lair:2)
  3 nagas (Lair:3)
  6 wargs
  3 acid dragons
  13 water moccasins
  A sky beast (D:7)
  A black bear (Lair:5)
  7 orc warriors
  14 ogres
  36 wolves
  10 centaurs
  A boggart (D:14)
  4 lemures (D:4)
  6 kobold brigands
  11 bullfrogs
  A gnoll sergeant (D:9)
  6 scorpions
  2 necrophages
  8 wights
  5 killer bees
  A howler monkey (D:9)
  5 electric eels
  2 lava snakes (Lair:4)
  9 orc priests
  2 hounds (D:4)
  A gnoll bouda (D:7)
  An iron imp (D:8)
  Jessica (D:3)
  Natasha (thrice) (D:4)
  4 iguanas
  11 orc wizards
  10 gnolls
  6 adders
  A shadow imp (D:7)
  A white imp (D:8)
  An ufetubus (D:6)
  4 worms (D:2)
  2 dart slugs
  39 orcs
  4 endoplasms
  8 giant cockroaches
  8 goblins
  4 hobgoblins
  8 jackals
  39 kobolds
  3 quokkas
  9 ball pythons
  9 bats
  3 frilled lizards
  9 rats
626 creatures vanquished.

Vanquished Creatures (collateral kills)
  An elephant (Lair:5)
  A troll (D:11)
  A yak (D:11)
  A wolf (Lair:5)
  A centaur (D:11)
  An orc wizard (D:4)
  2 orcs (D:4)
8 creatures vanquished.

Vanquished Creatures (others)
  A centaur warrior (D:11)
  A hog (shapeshifter) (D:14)
  An orc (D:7)
  A bush (Lair:2)
  43 fungi
  101 plants
148 creatures vanquished.

Grand Total: 782 creatures vanquished

Notes
Turn   | Place    | Note
-------+----------+-------------------------------------------
     0 | D:1      | tkbsonic5 the Palentonga Berserker began the quest for the
                  | Orb.
     0 | D:1      | Reached XP level 1. HP: 19/19 MP: 1/1
    53 | D:1      | Reached XP level 2. HP: 25/25 MP: 2/2
   532 | D:1      | Reached ** piety under Trog
   604 | D:1      | Reached XP level 3. HP: 25/31 MP: 3/3
  1125 | D:2      | Found the +5 lochaber axe {reach-cleave, poleaxe}
  1442 | D:2      | Reached skill level 4 in Fighting
  1506 | D:2      | Identified the ring "Keted" {Contam Str+6 Int+4}
  1539 | D:2      | Reached XP level 4. HP: 39/39 MP: 4/4
  1790 | D:3      | Reached skill level 1 in Polearms
  1841 | D:3      | Found a bloodstained altar of Trog.
  1888 | D:3      | Found an ancient bone altar of Kikubaaqudgha.
  2374 | D:3      | Found a faded altar of an unknown god.
  2570 | D:3      | Reached *** piety under Trog
  2623 | D:3      | Noticed Jessica
  2636 | D:3      | Killed Jessica
  2762 | D:4      | Reached XP level 5. HP: 46/46 MP: 5/5
  3014 | D:4      | Noticed Natasha
  3017 | D:4      | Killed Natasha
  3085 | D:4      | Noticed Natasha
  3090 | D:4      | Killed Natasha
  3235 | D:4      | Noticed Natasha
  3235 | D:4      | Noticed a lemure
  3236 | D:4      | Noticed a lemure
  3238 | D:4      | Noticed a lemure
  3244 | D:4      | Reached XP level 6. HP: 14/53 MP: 6/6
  3246 | D:4      | Reached skill level 1 in Evocations
  3264 | D:4      | Noticed Pikel
  3763 | D:4      | Reached skill level 5 in Fighting
  3792 | D:4      | Killed Pikel
  3793 | D:4      | Gained mutation: You curl defensively after being hit. (AC
                  | +7*) [Palentonga growth]
  3793 | D:4      | Reached XP level 7. HP: 59/60 MP: 7/7
  3916 | D:4      | Found Eniokh Usopp's Armour Shoppe.
  3937 | D:4      | Killed Natasha
  4109 | D:4      | Reached skill level 6 in Fighting
  4213 | D:5      | Entered Level 5 of the Dungeon
  4240 | D:5      | Reached XP level 8. HP: 44/68 MP: 8/8
  5016 | D:6      | Found a staircase to the Ecumenical Temple.
  5025 | D:6      | Reached **** piety under Trog
  5289 | D:6      | Noticed a hornet
  5292 | D:6      | Killed a hornet
  5293 | D:6      | Reached skill level 7 in Fighting
  5293 | D:6      | Reached skill level 5 in Polearms
  5432 | D:6      | Reached skill level 5 in Armour
  5432 | D:6      | Reached XP level 9. HP: 77/77 MP: 9/9
  6194 | D:7      | Found a hazy altar of Hepliaklqana.
  6357 | D:7      | Found a stormy altar of Qazlal.
  6358 | D:7      | Found an ornate altar of the Wu Jian Council.
  6360 | D:7      | Found a glowing silver altar of Zin.
  6361 | D:7      | Found a glowing golden altar of the Shining One.
  6660 | D:8      | Reached skill level 8 in Fighting
  6907 | D:8      | Gained mutation: Your movements are slightly less
                  | encumbered by armour. (ER -2) [potion of mutation]
  6907 | D:8      | Gained mutation: You have hidden genetic potential. [potion
                  | of mutation]
  6964 | D:8      | Reached skill level 5 in Evocations
  7143 | D:8      | Found a snail-covered altar of Cheibriados.
  7216 | D:8      | Found Tual's CLEARANCE SALE!.
  7223 | D:8      | Bought a potion of haste for 30 gold pieces
  7223 | D:8      | Bought a potion of heal wounds for 15 gold pieces
  7348 | D:9      | Reached XP level 10. HP: 58/86 MP: 10/10
  7617 | D:9      | Found a shadowy altar of Dithmenos.
  7617 | D:9      | Found a hide-covered altar of Uskayaw.
  8202 | D:9      | Found a sacrificial altar of Ru.
  8362 | D:9      | Found a staircase to the Orcish Mines.
  8585 | D:10     | Entered Level 10 of the Dungeon
  8624 | D:10     | Identified a scroll of acquirement
  8625 | D:10     | Found a flagged portal.
  8626 | D:10     | Acquired the +2 ring mail of Exclusion {+Blink Dex+4}
  8637 | D:10     | Noticed a deep elf pyromancer
  8643 | D:10     | Killed a deep elf pyromancer
  8657 | D:10     | Gained mutation: Your muscles are strong. (Str +4, Int/Dex
                  | -1) [hidden potential]
  8662 | D:10     | Found a staircase to the Lair.
  8848 | D:10     | Reached skill level 9 in Fighting
  9000 | D:10     | Acquired the +10 Black Knight's barding {ponderous, rPois
                  | rN+}
  9000 | D:10     | Found the +10 Black Knight's barding {ponderous, rPois rN+}
  9069 | D:10     | Reached XP level 11. HP: 95/95 MP: 11/11
  9105 | D:10     | Noticed Snorg
  9116 | D:10     | Killed Snorg
  9265 | D:10     | Noticed a two-headed ogre
  9268 | D:10     | Killed a two-headed ogre
  9346 | D:10     | Found a runed translucent door.
  9350 | D:10     | Noticed SirLogeyBear's ghost (novice HOBe)
  9350 | D:10     | Identified the +3 spear of Xiunuuss {freeze, SInv Stlth+}
  9454 | D:11     | Gained mutation: You are robust. (+10% HP) [hidden
                  | potential]
  9454 | D:11     | Lost mutation: You have hidden genetic potential. [hidden
                  | potential expressed]
  9525 | D:11     | Found Yrodust's Distillery.
  9539 | D:11     | Bought a potion of flight for 39 gold pieces
  9539 | D:11     | Bought a potion of haste for 130 gold pieces
  9539 | D:11     | Bought a potion of cancellation for 104 gold pieces
  9539 | D:11     | Bought a potion of curing for 39 gold pieces
  9539 | D:11     | Bought a potion of curing for 39 gold pieces
  9539 | D:11     | Bought a potion of curing for 39 gold pieces
  9604 | D:11     | Noticed a two-headed ogre
  9706 | D:11     | Killed a two-headed ogre
 10049 | D:11     | Reached ***** piety under Trog
 10116 | D:11     | Noticed a two-headed ogre
 10120 | D:11     | Killed a centaur warrior
 10121 | D:11     | Noticed a green ugly thing
 10122 | D:11     | Killed a two-headed ogre
 10123 | D:11     | Reached skill level 10 in Fighting
 10130 | D:11     | Killed a green ugly thing
 10134 | D:11     | Reached skill level 5 in Dodging
 10268 | D:11     | Found a shimmering altar of Xom.
 10514 | Lair:1   | Entered Level 1 of the Lair of Beasts
 10679 | Lair:1   | Noticed Urug
 10695 | Lair:1   | Killed Urug
 10696 | Lair:1   | Reached XP level 12. HP: 79/114 MP: 12/12
 11454 | Lair:2   | Noticed a catoblepas
 11480 | Lair:2   | Killed a catoblepas
 11945 | Lair:2   | Found a staircase to the Swamp.
 11957 | Lair:2   | Reached skill level 11 in Fighting
 12926 | Lair:3   | Reached skill level 1 in Throwing
 13058 | Lair:3   | Noticed a four-headed hydra
 13066 | Lair:3   | Killed a five-headed hydra
 13406 | Lair:3   | Reached skill level 10 in Polearms
 13417 | Lair:3   | Reached XP level 13. HP: 87/124 MP: 13/13
 13941 | Lair:3   | Found a staircase to the Snake Pit.
 14552 | Lair:4   | Found the +7 great mace "Undeadhunter" {disrupt, rN+}
 14620 | Lair:4   | Noticed Kirke
 14630 | Lair:4   | Killed Kirke
 15061 | Lair:4   | Received a gift from Trog
 15062 | Lair:4   | Reached skill level 12 in Fighting
 15485 | Lair:5   | Entered Level 5 of the Lair of Beasts
 15622 | Lair:5   | Found a viscous altar of Jiyva.
 15631 | Lair:5   | Found a staircase to the Slime Pits.
 15966 | Lair:5   | Found a frozen archway.
 16109 | Lair:5   | Received a gift from Trog
 16325 | Lair:5   | Noticed a dire elephant
 16343 | Lair:5   | Reached XP level 14. HP: 79/135 MP: 14/14
 17164 | D:10     | Killed SirLogeyBear's ghost
 17507 | D:12     | Noticed Erolcha
 17511 | D:12     | Killed Erolcha
 17607 | D:12     | Found a broken altar of Ashenzari.
 17794 | D:12     | Reached skill level 10 in Armour
 17928 | D:12     | Reached skill level 5 in Throwing
 17966 | D:12     | Found a shimmering blue altar of Sif Muna.
 18190 | D:12     | Noticed a tengu reaver
 18191 | D:12     | Reached skill level 13 in Fighting
 18209 | D:12     | Killed a tengu reaver
 18746 | D:12     | Identified the +11 falchion of Xeruofomoth {freeze, rF++
                  | Int+8}
 18750 | D:12     | Identified the +0 double sword "Divuog" {speed, rF+}
 19806 | D:14     | Found a basalt altar of Yredelemnul.
 19947 | D:14     | Reached XP level 15. HP: 135/145 MP: 15/15
 20151 | D:14     | Found an iron altar of Okawaru.
 20271 | D:15     | Entered Level 15 of the Dungeon
 20421 | D:14     | Found a gate to the Vaults.
 21135 | D:15     | Noticed Roxanne
 21197 | D:15     | Found a staircase to the Depths.
 21511 | Orc:1    | Entered Level 1 of the Orcish Mines
 21561 | Orc:2    | Entered Level 2 of the Orcish Mines
 22085 | Orc:2    | Reached skill level 14 in Fighting
 22091 | Orc:1    | Reached skill level 10 in Evocations
 22139 | Orc:2    | Paralysed by an ogre mage for 4 turns
 22147 | Orc:1    | HP: 11/220 [two-headed ogre/+0 dire flail (13)]
 22148 | Orc:1    | Slain by a two-headed ogre

Illustrated notes

Levels and vault maps discovered:
D:1:      heliophobic_arrival_battle_scene, layout_loops_ring, minmay_liquid_box
D:2:      layout_basic, minmay_tetromino_o4
D:3:      layout_basic, bloody_trog, nicolae_kikubaaqudgha_miasma_corner,
          shapermc_ecumenical_altar_mp_ritualfount, uniq_jessica
D:4:      layout_gridville, serial_shops, kennysheep_mini,
          kennysheep_generic_room_9, uniq_natasha, uniq_pikel
D:5:      layout_loops_cross
D:6:      layout_basic, minmay_temple_entry_large_hall
D:7:      layout_loops_ring, overflow_temple_1_default, minitemple
D:8:      layout_rooms, slow_altar_1, nicolae_shop_clearance
D:9:      layout_stronghold, nicolae_ru_sacrificial_ziggurat,
          gammafunk_temple_overflow_wave, orc_0_dummy
D:10:     layout_long_grid, erik_lair_orcish_takeover,
          ebering_ghost_funeral_grove, enter_bailey_2, uniq_snorg
D:11:     layout_cave_pools, serial_glass, glass_columns_b, glass_columns_c,
          serial_shops, nicolae_shop_waterfront, xom_confusion_cloud
D:12:     evilmike_library_of_no_secrets, layout_basic, evilmike_ruin_ashenzari,
          uniq_erolcha
D:13:     layout_basic
D:14:     minmay_the_grid_plus [minmay_the_grid_minigrid_medium,
          minmay_the_grid_outer_circle, minmay_the_grid_stretched_grid,
          minmay_the_grid_tiny_cups, minmay_the_grid_prize_big_room],
          layout_loops_ring, yredelemnul_altar_generic, okawaru_gym_becter
D:15:     hangedman_depths_entry_civil_slaughter, layout_cave_pools,
          wad_floor_pattern_2, minmay_misc_feat_alley, uniq_roxanne
Lair:1:   layout_cave_shapes, uniq_urug
Lair:2:   layout_long_grid, nicolae_swamp_entry_splash_gauntlet, st_stairs_7,
          minivault_24, serial_bayou_pond_b, serial_bayou_lagoon_a
Lair:3:   layout_regular_city, guppyfry_snake_entry_garden
Lair:4:   layout_gridlike, nicolae_lair_liquid_snakes, lemuel_fruit_fields,
          uniq_kirke
Lair:5:   grunt_lair_end_beastmaster, layout_loops_ring, slime_entry_1,
          portal_ice_cave_entry_pillars_2, minmay_lair_oklob_bushes,
          nicolae_quartered_pool_impasse, st_stairs_4
Orc:1:    layout_diamond_mine
Orc:2:    st_orc_ogre_mass, layout_caves, serial_shops, nicolae_diamond_shop,
          shop_statue, nicolae_shop_overgrown_old_shop, shop

Skill      XL: |  1  2  3  4  5  6  7  8  9 10 11 12 13 14 15 |
---------------+----------------------------------------------+-----
Fighting       | 4 5 6 7 8 9 10 11 12 13 14 | 14.0
Polearms       | 1 2 3 4 5 6 7 8 10 11 12 | 12.6
Armour         | 2 3 5 6 7 8 9 10 11 | 11.0
Evocations     | 2 3 5 6 7 8 9 10 | 10.0
Dodging        | 3 5 6 7 8 9 |  9.5
Throwing       | 2 4 5 |  5.3
Axes           | |  3.8
Stealth        | |  0.1

Action                   |  1- 3 |  4- 6 |  7- 9 | 10-12 | 13-15 || total
-------------------------+-------+-------+-------+-------+-------++-------
Melee: Hand axe          |    96 |       |       |       |       ||    96
       Tailslap          |    13 |    13 |    17 |    27 |    69 ||   139
       Lochaber axe      |    14 |   101 |   200 |   303 |   494 ||  1112
       Flail             |       |       |       |     9 |       ||     9
       Trident           |       |       |       |       |    72 ||    72
       Spear             |       |       |       |       |    58 ||    58
       Punch             |       |       |       |       |     1 ||     1
Throw: Boomerang         |       |       |     7 |       |       ||     7
       Dart              |       |       |       |    15 |    59 ||    74
       Javelin           |       |       |       |    25 |    21 ||    46
Invok: Berserk           |       |     1 |     3 |    12 |    13 ||    29
       Trog's Hand       |       |     1 |     3 |     8 |     9 ||    21
       Brothers in Arms  |       |       |       |     1 |     3 ||     4
 Abil: Rolling Charge    |    23 |    20 |    11 |     3 |    34 ||    91
Evoke: Wand              |       |       |    14 |    14 |    21 ||    49
  Use: Scroll            |     4 |     3 |    13 |    12 |     8 ||    40
       Potion            |     2 |     1 |     3 |     1 |     6 ||    13
 Stab: Paralysed         |       |       |     3 |     8 |    10 ||    21
       Petrified         |       |       |       |       |    11 ||    11
       Petrifying        |       |       |       |       |     1 ||     1
       Invisible         |       |       |       |       |     3 ||     3
Armor: Animal skin       |     3 |       |       |       |       ||     3
       Ring mail         |    28 |       |       |       |       ||    28
       Plate armour      |    32 |    84 |    15 |       |       ||   131
       Chain mail        |       |       |    98 |   299 |   239 ||   636
       Crystal plate arm |       |       |       |       |   570 ||   570
Dodge: Dodged            |    46 |    26 |   150 |   221 |   335 ||   778
